[Event "Early-Titled-Tuesday-Blitz-January-30-2024"]
[Site "Chess.com"]
[Date "2024.01.30"]
[Round "1"]
[White "atalz0"]
[Black "Elsa167"]
[Result "1/2-1/2"]
[WhiteElo "2481"]
[BlackElo "2841"]
[TimeControl "180+1"]
[EndTime "8:08:24 PST"]
[Termination "Game drawn by stalemate"]

1. d4 Nf6 2. c4 g6 3. f3 Bg7 4. e4 d6 5. Nc3 O-O 6. Be3 a6 7. Qd2 Nc6 8. O-O-O Bd7 9. h4 h5 10. g4 e5 11. Bg5 Nxd4 12. gxh5 Qe8 13. h6 Bh8 14.
h7+ Nxh7 15. Nd5 f6 16. Bh6 Ba4 17. Re1 Rf7 18. h5 g5 19. Bh3 b5 20. c5 dxc5 21. Qg2 b4 22. Ne2 Bd7 23. Nxd4 cxd4 24.
Reg1 a5 25. Kb1 Bxh3 26. Rxh3 c6 27. Nb6 Rd8 28. Nc4 d3 29. Rg3 Rfd7 30. Nd2 Bg7 31.
Bxg5 fxg5 32. Rxg5 Nxg5 33. Qxg5 Qf7 34. h6 Re7 35. hxg7 Qxg7 36. Qe3 Rd6 37. Rxg7+ Kxg7 38. a3 Red7 39. axb4 axb4 40. Qg5+ Rg6 41. Qxe5+ Kh6 42.
Qf4+ Kg7 43. Qe5+ Kh7 44. Qf5 Rg7 45. Qh5+ Kg8 46. Qc5 Rg1+ 47. Ka2 R1g2 48. Qc4+ Kh7 49. Qxd3 c5 50. e5+ Kh8 51. Kb3 c4+ 52. Nxc4 R2g3 53. Qe4 Rf7 54. Qh4+ Rh7 55. Qxg3 Rh6 56. Qg5 Rg6 57.
Qd8+ Kg7 58. Qe7+ Kh6 59. Qxb4 Kh7 60. Qc3 Kg7 61. Kc2 Kh7 62. Qd3 Kg7 63. Qxg6+ Kh8 64. Kd3 1/2-1/2

[Event "Early-Titled-Tuesday-Blitz-January-30-2024"]
[Site "Chess.com"]
[Date "2024.01.30"]
[Round "1"]
[White "AlexTruskavetsky"]
[Black "Philosopherrr"]
[Result "0-1"]
[WhiteElo "2682"]
[BlackElo "2392"]
[TimeControl "180+1"]
[EndTime "8:08:24 PST"]
[Termination "Philosopherrr won by checkmate"]

1. d4 Nf6 2. c4 e6 3. Nc3 c5 4. d5 exd5 5. cxd5 d6 6. e4 g6 7.
f4 Bg7 8. Nf3 O-O 9. Bd3 Bg4 10.
O-O Nbd7 11. h3 Bxf3 12. Qxf3 a6 13. a4 Qc7 14. Qe2 Rfe8 15. a5 c4 16. Bc2 Nxe4 17.
Nxe4 f5 18. Qf3 fxe4 19. Bxe4 Nf6 20. Bc2 Qc5+ 21. Kh1 Qxd5 22. Qxd5+ Nxd5 23. f5 Nb4 24. Bb1 gxf5 25. Ra4 Nd3 26. Rxc4 Nxc1 27. Rcxc1 Bxb2 28. Rc7 Rac8 29. Rxb7 Rc1 30. Rxc1 Bxc1 31. g3 Re5 32. Bd3 Rxa5 33. Rd7 f4 34. Bxh7+ Kf8 35. gxf4 Bxf4 36. Kg2 Ra3 37. Bf5 a5 38. Be6 Be5 39. h4 Rg3+ 40.
Kf2 Rg6 41. Bd5 Rh6 42. Rf7+ Ke8 43. Ra7 Bd4+ 44. Kf3 Bxa7 45. Kg4 Ke7 46. Kg5 Rh8 47. h5 a4 48. Kg6 a3 49. h6 Bd4 50. h7 Rb8 51. Kf5 Bh8 52. Kg6 Rb2 53. Bg8 a2 54.
Bxa2 Rxa2 55. Kh5 Rg2 56. Kh6 Kf7 57. Kh5 d5 58. Kh4 Rg6 59. Kh3 d4 60. Kh4 d3 61.
Kh5 d2 62. Kh4 d1=Q 63. Kh3 Qh1# 0-1

[Event "Early-Titled-Tuesday-Blitz-January-30-2024"]
[Site "Chess.com"]
[Date "2024.01.30"]
[Round "1"]
[White "twofoxniel"]
[Black "Kostukov_Alex"]
[Result "0-1"]
[WhiteElo "2615"]
[BlackElo "2320"]
[TimeControl "180+1"]
[EndTime "8:08:24 PST"]
[Termination "Kostukov_Alex won on time"]

1. e4 c5 2. c3 g6 3. d4 cxd4 4. cxd4 d5 5. exd5 Nf6 6. Nc3 Nxd5 7. Bc4 Nb6 8. Bb3 Bg7 9. Nf3 O-O 10. O-O Nc6 11. Be3 Na5 12. Re1 Nbc4 13. Bxc4 Nxc4 14. Qe2 Nxe3 15. fxe3 b6 16. Rad1 Bb7 17. e4 Rc8 18.
Kh1 Qc7 19. Qf2 Qc4 20. Qh4 e6 21. Ng5 h6 22. Nf3 b5 23. a3 a5 24. Rd2 b4 25.
axb4 axb4 26. Ne2 g5 27. Qg4 f5 28. exf5 exf5 29. Qg3 Rce8 30. Rc1 Qb3 31. Qc7 Bxf3 32. Ng3 Qe3 33. Rdc2 f4 34. Nf1 Qe4 35. gxf3 Qxf3+ 36. Rg2 Re2 37. Qc4+ Kh8 38. Qxe2 Qd5 39. Qc4 Qb7 40. d5 f3 41. Rgc2 Qd7 42. Rd1 Qg4 43. Ng3 Qh3 44. Qf1 Qg4 45. d6 Qf4 46. Rc4 Rd8 47. Rxf4 gxf4 48.
Nf5 Be5 49. Qb5 Kh7 50. Qxe5 Kg6 0-1

[Event "Early-Titled-Tuesday-Blitz-January-30-2024"]
[Site "Chess.com"]
[Date "2024.01.30"]
[Round "1"]
[White "averageFM"]
[Black "dianamirza"]
[Result "1-0"]
[WhiteElo "2562"]
[BlackElo "2001"]
[TimeControl "180+1"]
[EndTime "8:08:24 PST"]
[Termination "averageFM won by checkmate"]

1. d4 Nf6 2. Nc3 d6 3. e4 e5 4. dxe5 dxe5 5. Qxd8+ Kxd8 6. Bc4 Be6 7. Bxe6 fxe6 8. a3 a5 9. Nf3 Bd6 10. Bg5 h6 11.
Bh4 g5 12. Bg3 Nbd7 13. O-O-O Ke7 14. Nd2 Nh5 15. Nc4 Nf4 16. Bxf4 exf4 17. Nb5 Bc5 18. Nxc7 Rac8 19. Nb5 Bxf2 20. Rxd7+ Kxd7 21. Ne5+ Ke7 22. Ng6+ Kf6 23. Nxh8 Rxh8 24. Rd1 Be3+ 25. Kb1 Ke5 26. Nd6 Bc5 27. Nf7+ Kxe4 28. Nxh8 g4 29. c3 f3 30. gxf3+ gxf3 31. Kc2 Ke3 32. Re1+ Kf2 33. Rxe6 Be3 34. Kd3 Bc1 35. b3 Kf1 36. Kc2 Bg5 37. Re5 f2 38. Rxa5 Kg1 39. Rf5 f1=Q 40. Rxf1+ Kxf1 41. Nf7 Kg2 42. Nd6 Kxh2 43. Nxb7 h5 44. Nc5 h4 45. Ne4 Bf4 46. Kd3 Kg2 47. Ke2 h3 48. Nf2 h2 49. a4 Bg3 50. Nh1 Kxh1 51. Kf1 Bc7 52. b4 Bb6 53. a5 Ba7 54. b5 Bb8 55. b6 Bd6 56. a6 Bb8 57.
c4 Bc7 58. b7 Bb8 59. c5 Bc7 60. a7 Bb8 61. a8=Q Bc7 62. b8=Q# 1-0

[Event "Early-Titled-Tuesday-Blitz-January-30-2024"]
[Site "Chess.com"]
[Date "2024.01.30"]
[Round "1"]
[White "Zurability"]
[Black "Balla_Tamas"]
[Result "1/2-1/2"]
[WhiteElo "2767"]
[BlackElo "2435"]
[TimeControl "180+1"]
[EndTime "8:08:25 PST"]
[Termination "Game drawn by repetition"]

1. d4 d5 2. c4 e6 3. Nc3 c5 4. Nf3 Nc6 5. cxd5 exd5 6. e3 Nf6 7.
dxc5 Bxc5 8. Bb5 O-O 9. O-O Bg4 10. h3 Bh5 11. Be2 a6 12. Nd2 Bxe2 13. Nxe2 d4 14. Nb3 Bd6 15. exd4 Re8 16. Bg5 h6 17. Bh4 Be7 18. Qd3 Nd5 19. Bg3 Bf6 20. a3 Qb6 21. Rad1 Rad8 22. Rfe1 Nce7 23. Nf4 Nxf4 24. Bxf4 Nd5 25.
Rxe8+ Rxe8 26. Bg3 Bg5 27. Qc2 Bf4 28. Bxf4 Nxf4 29.
Nc5 Qf6 30. Kh2 Qg5 31. g3 Re2 32. Rd2 Re1 33. Ne4 Qf5 34. g4 Qxe4 35. Qxe4 Rxe4 36.
Kg3 Nd5 37. Kf3 Re6 38. Rc2 Rc6 39. Re2 Kf8 40. Rd2 Rd6 41. Ke4 Nf6+ 42. Kd3 Nd5 43.
Rc2 Nf4+ 44. Ke4 Nxh3 45. Rc7 Nxf2+ 46. Ke5 Re6+ 47. Kf4 Nd3+ 48. Kf3 Rb6 49. d5 Ne5+ 50. Kf4 Ng6+ 51. Ke4 f6 52. b4 Ne5 53. Kf5 Rd6 54. Ke4 Rd7 55. Rc8+ Ke7 56. Rc1 Kf7 57. Kf5 Re7 58.
d6 Re8 59. Rc7+ Kf8 60. Rxb7 Nd3 61. Kg6 Rd8 62. Rf7+ Ke8 63. Re7+ Kf8 64. Rf7+ Ke8 65. Re7+ Kf8 66. Rf7+ 1/2-1/2

[Event "Early-Titled-Tuesday-Blitz-January-30-2024"]
[Site "Chess.com"]
[Date "2024.01.30"]
[Round "1"]
[White "GKARU"]
[Black "GoltsevDmitry2000"]
[Result "1-0"]
[WhiteElo "2509"]
[BlackElo "2832"]
[TimeControl "180+1"]
[EndTime "8:08:28 PST"]
[Termination "GKARU won by checkmate"]

1. d4 e6 2. Nf3 d5 3. c4 Nf6 4. Bg5 dxc4 5. Qa4+ Nc6 6. Nbd2 Be7 7.
e3 Bd7 8. Qxc4 h6 9. Bh4 O-O 10.
Rc1 a6 11. Be2 b5 12. Qc2 Nb4 13. Qb1 Nbd5 14. O-O Rc8 15. Nb3 c6 16. Nc5 a5 17.
Ne5 Be8 18. Rfd1 a4 19. a3 Nd7 20. Bxe7 Qxe7 21. Ncxd7 Bxd7 22. Rc5 Qd6 23. Rdc1 Ne7 24.
Bf3 Be8 25. Qc2 Rb8 26. h3 b4 27. Qxa4 bxa3 28. bxa3 Rb2 29. Nc4 Qb8 30. Nxb2 Qxb2 31. Qb4 Qxb4 32. axb4 Nd5 33. Bxd5 exd5 34. Ra1 Bd7 35.
Ra7 Rd8 36. b5 Be8 37. b6 Rb8 38. b7 Kf8 39. Rc2 Ke7 40. Rb2 Kd6 41. Ra8 Kc7 42.
Rxb8 Kxb8 43. f3 f5 44. g4 Bd7 45. Kf2 g5 46. Kg3 Be6 47. f4 Bd7 48. gxf5 Bxf5 49. h4 g4 50. h5 Bd7 51. Rb6 Bf5 52. Rxc6 Kxb7 53. Rxh6 Bd3 54. Kxg4 Be4 55. Kg5 Bc2 56.
Rf6 Kc7 57. f5 Kb7 58. h6 Ba4 59. h7 Bd7 60. h8=Q Bc8 61. Qg7+ Ka8 62. Rf7 Bb7 63. e4 dxe4 64. Rxb7 e3 65. Ra7+ Kb8 66. Qc7# 1-0

[Event "Early-Titled-Tuesday-Blitz-January-30-2024"]
[Site "Chess.com"]
[Date "2024.01.30"]
[Round "1"]
[White "bancsoo"]
[Black "Schattman"]
[Result "1-0"]
[WhiteElo "2818"]
[BlackElo "2462"]
[TimeControl "180+1"]
[EndTime "8:08:28 PST"]
[Termination "bancsoo won on time"]

1. Nf3 Nf6 2. g3 g6 3. Bg2 Bg7 4. d4 d5 5. c4 c6 6. O-O O-O 7. Qb3 a5 8. cxd5 a4 9. Qd1 cxd5 10. Nc3 Qa5 11. Ne5 Nc6 12. e3 Be6 13. Nd3 b6 14.
Nf4 Bg4 15. Qd2 Rfd8 16. Nfxd5 Nxd5 17. Nxd5 Rxd5 18. Qxa5 Raxa5 19. Bd2 Rab5 20. Rfc1 Nd8 21. Bxd5 Rxd5 22. Rc4 a3 23. bxa3 e5 24. Bc3 Be2 25. Rc8 exd4 26. exd4 Bxd4 27. Re1 Bxc3 28. Rxe2 Bf6 29. Rc6 Bd4 30. Rc8 Bf6 31. a4 Kg7 32.
Rb8 Bd4 33. Kg2 Ne6 34. Ra8 Rc5 35. Rd2 Rc4 36. Re2 Bc5 37. Ra7 Kf6 38. Ra6 h5 39. h4 Rc3 40. Ra7 Rc4 41. a5 Ra4 42. axb6 Rxa7 43. bxa7 Bxa7 44. a4 Bb6 45. Rb2 Bd8 46.
Rb5 Ke7 47. a5 Nc7 48. Rb6 Nd5 49. Rb7+ Ke6 50. a6 Bb6 51. a7 Bxa7 52. Rxa7 Kf6 53. Kf3 Ne7 54. Ra6+ Kg7 55. Ke4 Nf5 56. Ke5 Ne7 57.
Rb6 Nf5 58. Rb7 Nh6 59. Kd6 Ng4 60. Ke7 Nxf2 61. Ke8 1-0

[Event "Early-Titled-Tuesday-Blitz-January-30-2024"]
[Site "Chess.com"]
[Date "2024.01.30"]
[Round "1"]
[White "anasta10"]
[Black "Anton_Demchenko"]
[Result "0-1"]
[WhiteElo "2510"]
[BlackElo "2944"]
[TimeControl "180+1"]
[EndTime "8:08:29 PST"]
[Termination "Anton_Demchenko won by resignation"]

1. Nf3 Nf6 2. c4 g6 3. g3 Bg7 4.
Bg2 O-O 5. O-O d6 6. Nc3 Nbd7 7.
d4 e5 8. dxe5 dxe5 9. Qc2 c6 10.
b3 Qe7 11. Bb2 Ne8 12. Rac1 f5 13. e3 e4 14. Nd4 Ne5 15. Rcd1 Nf6 16. Kh1 h5 17. Nde2 h4 18. Nb1 hxg3 19. fxg3 Nfg4 20. Qd2 Nd3 21. Bxg7 Qxg7 22. Nf4 Nxf4 23. Rxf4 Be6 24. Qe2 Rad8 25. Nd2 Rd3 26. Nf1 Rxd1 27. Qxd1 g5 28. Rxg4 fxg4 29. Qd6 Qf6 30. Qc7 Rf7 31. Qb8+ Kg7 32.
Qxa7 Rd7 33. Kg1 Bf5 34. Qc5 Bg6 35. a4 Qf5 36. Qb6 Qe5 37. a5 c5 38. a6 bxa6 39.
Qxa6 Bf5 40. Qc6 Qd6 41. Qa8 Bg6 42. Qc8 Re7 43. Qxg4 Qe5 44. h4 gxh4 45. Qxh4 Qf6 46. Qf4 Qxf4 47. gxf4 Rd7 48. Ng3 Rd3 49. Kf2 Rxb3 50.
Bxe4 Bf7 51. Nf5+ Kf6 52. Nd6 Bg8 53. Ke2 Rc3 54. Bd3 Ke7 55. Ne4 Bxc4 56. Nxc5 Bf7 57.
Ne4 Ra3 58. Nd2 Bh5+ 59. Ke1 Rxd3 0-1

[Event "Early-Titled-Tuesday-Blitz-January-30-2024"]
[Site "Chess.com"]
[Date "2024.01.30"]
[Round "1"]
[White "ExchangeAB"]
[Black "BardArtem"]
[Result "1-0"]
[WhiteElo "2454"]
[BlackElo "2776"]
[TimeControl "180+1"]
[EndTime "8:08:33 PST"]
[Termination "ExchangeAB won on time"]

1. d4 Nf6 2. Nf3 b6 3. c3 Bb7 4. Bf4 g6 5. e3 Bg7 6. Nbd2 O-O 7. Be2 d6 8. O-O Nh5 9. Bg5 h6 10. Bh4 g5 11. Ne1 Nf4 12. exf4 gxh4 13. h3 Nd7 14. Nef3 e6 15. Bd3 c5 16. f5 e5 17. dxe5 Nxe5 18. Nxe5 Bxe5 19. Be4 d5 20. Bc2 Bc7 21. Qh5 Qd6 22.
f4 Qf6 23. Rae1 Rae8 24. Nf3 Rxe1 25. Rxe1 Bxf4 26. Qxh4 Qxh4 27. Nxh4 Bg3 28. Re7 Bxh4 29. Rxb7 Bg3 30. Re7 d4 31. Kf1 Kg7 32. Ke2 Kf6 33.
Re4 dxc3 34. bxc3 Be5 35. c4 Kxf5 36. Rh4+ Kg5 37. Rg4+ Kf6 38. Re4 Bd4 39. Bd3 Rg8 40.
g4 h5 41. Kf3 Kg5 42. Rf4 hxg4+ 43. Rxg4+ Kf6 44. Rxg8 Ke5 45. Rg4 Bc3 46. h4 f5 47.
Rg5 Kd4 48. Bxf5 Bd2 49. Rg7 Kxc4 50. Rxa7 b5 51. Rb7 b4 52. Be6+ Kc3 53. Kg4 Kb2 54. Rb5 Be3 55. h5 Ka1 56. Kf5 Kb2 57. Kg6 Ka1 58.
h6 c4 59. Bxc4 b3 60. Rxb3 Bd4 61. h7 Bh8 62. Rh3 Bd4 63. a4 Kb1 64. h8=Q Bc3 65.
Qb8+ Ka1 66. Qh2 Bd2 67. Qxd2 1-0

[Event "Early-Titled-Tuesday-Blitz-January-30-2024"]
[Site "Chess.com"]
[Date "2024.01.30"]
[Round "1"]
[White "dcann0n88"]
[Black "IM_ArthurDW08"]
[Result "1/2-1/2"]
[WhiteElo "2444"]
[BlackElo "2774"]
[TimeControl "180+1"]
[EndTime "8:08:35 PST"]
[Termination "Game drawn by stalemate"]

1. d4 Nc6 2. d5 Ne5 3. f4 Ng6 4. e4 d6 5. Nc3 Nf6 6. Nf3 c6 7. Be2 cxd5 8. exd5 a6 9. a4 e6 10. dxe6 fxe6 11. O-O Be7 12. Kh1 O-O 13. Nd4 Bd7 14. Be3 Rc8 15. Bf3 Qc7 16. Qd2 e5 17. fxe5 dxe5 18.
Nb3 Be6 19. Qf2 e4 20. Be2 Nd5 21. Qg1 Nxc3 22. bxc3 Qxc3 23. Nd4 Bc4 24. Rxf8+ Rxf8 25. Bg4 Ne5 26. Bh3 h5 27. Nf5 Bf6 28. Bc5 Re8 29. Nd6 Nf7 30. Nxe8 Qxa1 31. Nxf6+ Qxf6 32. Bd4 Qf4 33. g3 Qf3+ 34. Bg2 Qe2 35. h3 Ng5 36. Qe3 Qd1+ 37. Kh2 Nf3+ 38. Bxf3 Qxf3 39. Qxf3 exf3 40. Kg1 g5 41. g4 hxg4 42. hxg4 Be6 43. Bf6 Bxg4 44.
Bxg5 Bf5 45. c3 Kf7 46. Kf2 Be4 47. Ke3 Ke6 48. a5 Kd5 49. Be7 Kc4 50. Bb4 Bc6 51.
Kf2 Kb5 52. Ke3 b6 53. axb6 a5 54. Bf8 Kxb6 55. Bg7 Kb5 56. Bd4 Kc4 57. Kd2 a4 58. Kc2 a3 59. Kb1 Kb3 60. Ka1 Bd5 61. Ba7 Kxc3 62. Bb6 Kd3 63. Ba7 Ke2 64. Bb6 Bc6 65. Ba7 Bb7 66. Bb6 Bd5 67. Ba7 Bf7 68. Bb6 f2 69. Bxf2 Kxf2 70. Kb1 Ke2 71. Ka1 Kd2 72. Kb1 a2+ 73. Ka1 Kc2 1/2-1/2

[Event "Early-Titled-Tuesday-Blitz-January-30-2024"]
[Site "Chess.com"]
[Date "2024.01.30"]
[Round "1"]
[White "jeetjain"]
[Black "FormerProdigy"]
[Result "0-1"]
[WhiteElo "2533"]
[BlackElo "3023"]
[TimeControl "180+1"]
[EndTime "8:08:36 PST"]
[Termination "FormerProdigy won by resignation"]

1. b3 e5 2. Bb2 Nc6 3. e3 d5 4. d4 exd4 5. exd4 Nf6 6. Nf3 Bg4 7.
Be2 Bd6 8. O-O O-O 9. h3 Bh5 10. Nbd2 Re8 11. c4 Bf4 12. Re1 Qd7 13. Ne5 Nxe5 14.
dxe5 Bxe5 15. Bxe5 Rxe5 16. Bxh5 Rxe1+ 17. Qxe1 Nxh5 18. Qe5 Nf6 19. cxd5 Re8 20. Qg3 Qxd5 21. Nf3 Re7 22. Rc1 Ne4 23. Qf4 Qd6 24. Qe3 b6 25. Re1 Kf8 26. Nd4 Nc3 27. Qxe7+ Qxe7 28. Rxe7 Kxe7 29. a4 a6 30. f3 g6 31. Kf2 c5 32.
Nc2 Kd6 33. Ke3 b5 34. axb5 axb5 35. Kd3 Nd5 36. g3 f5 37. f4 h5 38. h4 Nf6 39.
Ke3 Ne4 40. Ne1 Kd5 41. Nd3 c4 42. bxc4+ Kxc4 43. Ne5+ Kc3 44. Nxg6 b4 45. Ne7 b3 46. Nxf5 b2 47. Kxe4 b1=Q+ 48. Ke5 Qd3 49. Kf6 Kd2 50.
Kg5 Qd5 51. Kg6 Ke2 52. Nh6 Qd3+ 53. Kxh5 Qxg3 54. f5 Kf3 55. f6 Kf4 56. f7 Qg7 57. f8=Q+ Qxf8 58. Ng8 Qxg8 0-1

[Event "Early-Titled-Tuesday-Blitz-January-30-2024"]
[Site "Chess.com"]
[Date "2024.01.30"]
[Round "1"]
[White "Cayse"]
[Black "tomesao"]
[Result "1-0"]
[WhiteElo "2860"]
[BlackElo "2480"]
[TimeControl "180+1"]
[EndTime "8:08:38 PST"]
[Termination "Cayse won by resignation"]

1. e4 c6 2. Nf3 d5 3. d3 dxe4 4. dxe4 Nd7 5. Nbd2 e5 6. g3 Ngf6 7. Bg2 Bc5 8. O-O O-O 9. Qe2 Re8 10. a4 a5 11. h3 Nf8 12. Rd1 Qc7 13. Nb3 Bb6 14.
Bg5 N6d7 15. Qc4 Ne6 16. Rd2 Nxg5 17. Nxg5 Nf8 18. Rad1 h6 19. Nf3 Be6 20. Qc3 f6 21.
Bf1 Qf7 22. Nc5 Bxc5 23. Qxc5 Qc7 24. Nh4 Red8 25. Nf5 Rxd2 26. Rxd2 Rd8 27. Rxd8 Qxd8 28. Qd6 Qxd6 29. Nxd6 b6 30. Bc4 Bxc4 31. Nxc4 Nd7 32. f3 Kf7 33. Kf2 Ke7 34. Ke3 Kd8 35. Nd6 Ke7 36. Nf5+ Kf7 37. b3 Nc5 38. Nd6+ Ke6 39. Nc4 Nd7 40. f4 g6 41. c3 Ke7 42. b4 axb4 43.
cxb4 Kd8 44. a5 bxa5 45. bxa5 Kc7 46. h4 h5 47. f5 gxf5 48. exf5 Nc5 49. g4 hxg4 50. h5 Nd7 51. h6 Nf8 52. Kf2 c5 53. Kg3 Kc6 54. Kxg4 Kb5 55. Kg3 Ka6 56. Kf3 Kb5 57.
Ke2 Ka6 58. Kd2 Kb5 59. Kd3 Ka6 60. Ke4 Kb5 61. Kd5 Ka6 62. Kd6 e4 63. Kxc5 e3 64.
Nxe3 Kxa5 65. Kd6 Ka6 66. Nd5 Kb7 67. Nxf6 Kc8 68. Ke7 Kc7 69. Kxf8 1-0

[Event "Early-Titled-Tuesday-Blitz-January-30-2024"]
[Site "Chess.com"]
[Date "2024.01.30"]
[Round "1"]
[White "DvaHrasta"]
[Black "JimDiGrease"]
[Result "1/2-1/2"]
[WhiteElo "2519"]
[BlackElo "2940"]
[TimeControl "180+1"]
[EndTime "8:08:39 PST"]
[Termination "Game drawn - insufficient material"]

1. c4 e6 2. g3 d5 3. Bg2 Nf6 4.
Nf3 d4 5. O-O c5 6. e3 Nc6 7. a3 a5 8. b3 Bd6 9. exd4 cxd4 10.
Re1 O-O 11. d3 h6 12. Qc2 e5 13. c5 Bc7 14. Nbd2 Bf5 15. Nc4 Re8 16. Nfd2 Qe7 17.
Nb6 Ra6 18. Na4 Qd7 19. Nc4 Nd5 20. Bd2 Bh3 21. Bxh3 Qxh3 22. Nd6 Bxd6 23. cxd6 Nf6 24. f3 e4 25. dxe4 Ne5 26. Qd1 Rxd6 27. Bf4 Rc6 28. Bxe5 Rxe5 29. Rc1 Rxc1 30. Qxc1 Rh5 31. Re2 Qe6 32.
Qc4 Qxc4 33. bxc4 b5 34. cxb5 Rxb5 35. Rd2 Rb3 36. Kg2 Nd7 37. Rxd4 Ne5 38. f4 Ng4 39. h3 Ne3+ 40. Kf2 Rxa3 41. Nc5 Nc2 42. Rd8+ Kh7 43. Nd7 Kg6 44. g4 f6 45. Nf8+ Kf7 46. f5 Ke7 47.
Ra8 Nb4 48. Ne6 Nd3+ 49. Ke2 a4 50. Ra7+ Kd6 51. Nxg7 Nf4+ 52. Kd2 Rd3+ 53. Kc2 a3 54. Ne8+ Ke5 55. Ra5+ Kxe4 56. Ra4+ Ke3 57. Nxf6 Rd2+ 58. Kb3 Rd3+ 59. Ka2 Ne2 60. Rxa3 Nc3+ 61. Kb2 Kd4 62. Ra8 Rxh3 63. Rd8+ Ke5 64. Nd7+ Kd6 65. Nb6+ Kc7 66. Rc8+ Kxb6 67. Rxc3 Rh4 68. Rf3 Rxg4 69. f6 Rg8 70.
f7 Rf8 71. Rf6+ Kc7 72. Rxh6 Kd7 73. Rf6 Ke7 74. Rf2 Rxf7 75. Rxf7+ Kxf7 1/2-1/2

[Event "Early-Titled-Tuesday-Blitz-January-30-2024"]
[Site "Chess.com"]
[Date "2024.01.30"]
[Round "1"]
[White "Sethu0025"]
[Black "vesalhamedinia"]
[Result "0-1"]
[WhiteElo "2860"]
[BlackElo "2505"]
[TimeControl "180+1"]
[EndTime "8:08:40 PST"]
[Termination "vesalhamedinia won on time"]

1. d4 d5 2. c4 e6 3. Nf3 Nf6 4. g3 Be7 5. Bg2 O-O 6. O-O c6 7. Qc2 Nbd7 8. Rd1 a5 9. b3 b5 10. Nbd2 Ba6 11. c5 b4 12. Nf1 Ne4 13. Bb2 e5 14.
Nxe5 Nxe5 15. Bxe4 Ng6 16. Bg2 Re8 17. e4 Bf6 18. Ne3 dxe4 19. Bxe4 Rc8 20. Nf5 Rc7 21. Nd6 Ree7 22. Re1 Nf8 23. Rad1 Red7 24. Bxh7+ Nxh7 25. Re8+ Qxe8 26. Nxe8 Rc8 27. Nd6 Rcd8 28. Qe4 Ng5 29.
Qxc6 Be2 30. Rc1 Bf3 31. Qb5 Nh3+ 32. Kf1 Re7 33. Re1 Rdd7 34. Re3 Rxe3 35. fxe3 Re7 36. Nf5 Re6 37. Qb8+ Kh7 38. d5 Bxd5 39. Bd4 Bxd4 40. Nxd4 Rf6+ 41. Ke2 Ng5 42. h4 Ne4 43. Nf3 Nc3+ 44.
Kd3 Bxf3 45. Kc4 Be4 46. Kd4 Bd5 47. Qe5 Bc6 48. Qh5+ Kg8 49. Qe5 Re6 50. Qb8+ Kh7 51. h5 Re4+ 52. Kd3 Rg4 53. Qd6 Bb5+ 54. Kd2 Ne4+ 55.
Ke1 Nxd6 56. cxd6 Rxg3 0-1

[Event "Early-Titled-Tuesday-Blitz-January-30-2024"]
[Site "Chess.com"]
[Date "2024.01.30"]
[Round "1"]
[White "claudyna16"]
[Black "Mikhail_Golubev"]
[Result "0-1"]
[WhiteElo "2353"]
[BlackElo "2680"]
[TimeControl "180+1"]
[EndTime "8:08:40 PST"]
[Termination "Mikhail_Golubev won by resignation"]

1. c4 g6 2. g3 Bg7 3. Bg2 e5 4. Nc3 Nc6 5. e3 d6 6. Nge2 Nf6 7. O-O O-O 8. d3 Be6 9. Nd5 Ne8 10. h3 Qd7 11. Kh2 Nd8 12. Rb1 c6 13. Ndc3 d5 14. cxd5 cxd5 15. d4 e4 16. b4 Nd6 17. Nf4 Nc4 18. a4 Rc8 19. Bd2 Nc6 20. b5 N6a5 21. Qe2 Nxd2 22. Qxd2 Nc4 23. Qe2 Bh6 24. Rfc1 Bxf4 25.
exf4 Qd6 26. Nd1 Qb6 27. Ne3 Qxd4 28. Rd1 Qc5 29. Rbc1 f5 30. g4 Qd6 31. gxf5 Qxf4+ 32. Kg1 Nxe3 33. fxe3 Qxf5 34. Rxc8 Rxc8 35. Rf1 Qe5 36. Qf2 Bf5 37. Rd1 Rf8 38. Qd2 Be6 39. Rc1 Qg3 40.
Qe1 Qxe1+ 41. Rxe1 Rc8 42. Rf1 Kg7 43. Ra1 Kf6 44. Bf1 Ke5 45. Kf2 Rc2+ 46. Kg3 Rc3 47. Kf2 g5 48. Rd1 h5 49. Rd2 h4 50. Be2 Bxh3 51.
Rd1 Be6 52. Rg1 Kf6 53. Ke1 Rc1+ 54. Kf2 Rxg1 55. Kxg1 Ke5 56. Kf2 d4 57. exd4+ Kxd4 58. Bd1 Bc4 59. Bh5 e3+ 60. Ke1 h3 61. Bf3 e2 62. Bxb7 h2 63. a5 Ke3 64. a6 Bxb5 65.
Bh1 Bc4 66. Bd5 Bb5 67. Bc6 Bxa6 68. Bb7 Bd3 69. Bc6 a5 70. Bh1 a4 0-1

[Event "Early-Titled-Tuesday-Blitz-January-30-2024"]
[Site "Chess.com"]
[Date "2024.01.30"]
[Round "1"]
[White "FLYD"]
[Black "JeFumeDesClopes"]
[Result "0-1"]
[WhiteElo "2037"]
[BlackElo "2563"]
[TimeControl "180+1"]
[EndTime "8:08:42 PST"]
[Termination "JeFumeDesClopes won by checkmate"]

1. e4 g6 2. d4 Bg7 3. Nc3 d6 4. f4 a6 5. Nf3 b5 6. a3 Nd7 7. Be3 Bb7 8. d5 Ngf6 9. Bd3 c6 10.
dxc6 Bxc6 11. O-O O-O 12. h3 Rc8 13. Qe2 d5 14. e5 Ne4 15. Bxe4 dxe4 16. Nd4 Bb7 17.
Rad1 e6 18. Bf2 Rxc3 19. bxc3 Qc7 20. c4 bxc4 21. Be3 Bd5 22. Rb1 Rc8 23. Rfd1 Bf8 24. h4 Nc5 25. h5 Na4 26. Bd2 Qc5 27. c3 Qxa3 28. Ra1 Nxc3 29. Qe1 Na2 30. hxg6 hxg6 31. Nc2 Qb2 32. Ne3 Bc5 33. Kh1 c3 34. Rxa2 Qxa2 35. Bxc3 Bxe3 36. Qxe3 Qb3 37. Rc1 a5 38. f5 exf5 39. e6 Bxe6 40. Qd4 Rxc3 41. Rxc3 Qb1+ 42. Kh2 Qb8+ 43. Kg1 Qf4 44. Rh3 Qc1+ 45.
Kh2 Qc7+ 46. g3 Kf8 47. Rh8+ Ke7 48. Rh7 Qc6 49. Qe3 a4 50. Rh4 Qc4 51. Qg5+ Kd7 52.
Qe3 Qb3 53. Qd2+ Qd3 54. Qc1 a3 55. Qa1 Qc2+ 56. Kh3 Qb2 57. Qe1 f4+ 58. g4 Qb3+ 59. Kh2 a2 60. Rh3 Qb2+ 61. Kg1 a1=Q 62. Qxa1 Qxa1+ 63. Kh2 f3 64. Rg3 Qe1 65. Kh3 f2 66.
Rf3 f1=Q+ 67. Rxf1 Qxf1+ 68. Kg3 Qf3+ 69. Kh2 Qxg4 70.
Kh1 e3 71. Kh2 e2 72. Kh1 Bd5+ 73. Kh2 Qg2# 0-1

[Event "Early-Titled-Tuesday-Blitz-January-30-2024"]
[Site "Chess.com"]
[Date "2024.01.30"]
[Round "1"]
[White "ChessQueen"]
[Black "andrzej"]
[Result "1/2-1/2"]
[WhiteElo "2736"]
[BlackElo "2416"]
[TimeControl "180+1"]
[EndTime "8:08:44 PST"]
[Termination "Game drawn by repetition"]

1. d4 d5 2. Nf3 Nf6 3. c4 dxc4 4. Nc3 a6 5. e4 b5 6. e5 Nd5 7. a4 e6 8. axb5 Bb4 9. Bd2 Nb6 10. bxa6 Rxa6 11. Be2 Bb7 12. O-O O-O 13. Rxa6 Nxa6 14. Bg5 Qd7 15. h4 c5 16. dxc5 Nxc5 17. Qb1 Bxc3 18. bxc3 Nd5 19. Bd2 Nb3 20. Ng5 f5 21.
Qc2 Nxd2 22. Qxd2 Qc6 23. Nf3 Rd8 24. Qd4 Rc8 25. Rb1 Ba8 26. Bf1 h6 27. Nd2 Rd8 28. Nxc4 Qc7 29. Rd1 Rb8 30. Rc1 Qe7 31. Nd6 Rf8 32. c4 Nc7 33. c5 f4 34. f3 Nd5 35.
Qf2 Bc6 36. Nc4 Ne3 37. Nxe3 fxe3 38. Qxe3 Qxh4 39. Qf2 Qg5 40. Rc3 Qxe5 41. Qe3 Qxe3+ 42. Rxe3 Kf7 43. Bc4 Re8 44. Re5 Bd5 45. Bxd5 exd5 46.
Rxd5 Rc8 47. Kf2 Ke6 48. Rd6+ Ke7 49. Rg6 Kf7 50. Rb6 Rxc5 51. Ke3 Rc2 52. g4 Ra2 53. Rb4 Ra3+ 54. Kf4 Ra7 55. Kf5 Re7 56. Rb6 Ra7 57. Rb5 Rc7 58. f4 g6+ 59. Ke4 Re7+ 60. Kf3 Re1 61.
Rb7+ Kf6 62. Rb6+ Kf7 63. g5 hxg5 64. fxg5 Rf1+ 65. Ke4 Rf5 66. Rb7+ Kf8 67. Rb8+ Kf7 68. Rb7+ Kf8 69. Rb8+ Kf7 70. Rb7+ 1/2-1/2

[Event "Early-Titled-Tuesday-Blitz-January-30-2024"]
[Site "Chess.com"]
[Date "2024.01.30"]
[Round "1"]
[White "Witik"]
[Black "KhazhatulyAlikhan"]
[Result "1/2-1/2"]
[WhiteElo "2675"]
[BlackElo "2370"]
[TimeControl "180+1"]
[EndTime "8:08:44 PST"]
[Termination "Game drawn - insufficient material"]

1. d4 d5 2. c4 e6 3. Nf3 Nf6 4. Nc3 Be7 5. Bg5 O-O 6. e3 h6 7. Bxf6 Bxf6 8. Rc1 c6 9. h4 Re8 10. g4 Nd7 11. g5 hxg5 12. hxg5 Bxg5 13. Bd3 Bh6 14.
cxd5 exd5 15. Nh4 Nf6 16. Qf3 Bg4 17. Qg3 Qb8 18. Qg2 Qf4 19. Ne2 Bxe2 20. Bxe2 Qg5 21. Qh3 Ne4 22. Nf5 Re6 23. Bd3 Nd6 24. Ke2 Nxf5 25.
Bxf5 Rf6 26. Bd3 Re8 27. Rcg1 Rxf2+ 28. Kxf2 Qxe3+ 29. Qxe3 Bxe3+ 30. Kf3 Bxg1 31. Rxg1 g6 32. b4 a6 33. a4 Kg7 34. Rc1 Rh8 35. Kg3 Re8 36. Kf2 Rh8 37. Bf1 Rh4 38. Ke3 Rg4 39.
Be2 Re4+ 40. Kd3 g5 41. b5 axb5 42. axb5 Re6 43. b6 f5 44. Ra1 g4 45. Ra7 Re7 46.
Kd2 Kf6 47. Ra8 Rf7 48. Rg8 Ke6 49. Bd3 Kd6 50. Rg6+ Kd7 51. Ke2 Re7+ 52. Kf2 Rf7 53.
Kg3 f4+ 54. Kxg4 f3 55. Kg3 f2 56. Bf1 Ke7 57. Rg4 Kd6 58. Rf4 Rxf4 59. Kxf4 c5 60. dxc5+ Kxc5 61. Ke3 Kxb6 62. Kxf2 Kc5 63. Ke3 b5 64. Kd3 b4 65. Bg2 b3 66. Kc3 d4+ 67. Kxb3 d3 68. Kc3 d2 69. Kxd2 1/2-1/2